cohdb
Replays
Latest Replays
All Replays
Popular Replays
Top Player Replays
Match Explorer
How It Works
Community
CoH3 Stats
Reddit
Sign in to upload your games and track your stats! →
Sign in with Steam
Match 37978178
Unlisted
Match 37978178
Overview
Messages
Build Orders
End
Scout Squad
Scout Squad
Construct Barracks
Selects Advanced Infantry Battlegroup
1⁄4-ton 4x4 Truck
Riflemen Squad
Riflemen Squad
Grenade Package
Selects Artillery Observers
Infantry Support Center
Engineer Squad
Selects Convert to Ranger Squad
Construct Motor Pool
M24 Chaffee Light Tank
M1 Anti-tank Gun Team
Munitions Surplus
M1918 Browning Automatic Rifles
Demolitions Package
Riflemen Squad
Survival Training
Convert to Ranger Squad
Selects M2A1 105mm Howitzer Emplacement
Selects Free Fire Drills
Advanced Logistics
M1 Anti-tank Gun Team
Convert to Ranger Squad
M1 Anti-tank Gun Team
Selects Frontline Medical Station
Selects Ranger Weapon Training
Frontline Medical Station
Construct Weapon Support Center
PAX AJAX
A tank
WebsterBolek
BlueSkidrow™
0
0
Comments
sign in to comment!
No comments posted yet!